 Dungeon Crawl Stone Soup version 0.32-a0-520-g344ed53f66 (webtiles) character file.

Game seed: 13578912857271306978

277 lunkers the Chopper (level 6, 0/44 HPs)
             Began as a Coglin Gladiator on Feb 27, 2024.
             Slain by a crocodile (8 damage)
             ... in a sewer.
             The game lasted 00:03:25 (2043 turns).

lunkers the Chopper (Coglin Gladiator)              Turns: 2043, Time: 00:03:25

Health: 0/44       AC:  6    Str: 17    XL:     6   Next: 25%
Magic:  6/6        EV: 11    Int:  7    God:
Gold:   142        SH:  0    Dex: 15    Spells: 5/5 levels left

rFire   . . .        a - +0 war axe {Xiuying}
rCold   . . .        j - +0 trident {Francisca}
rNeg    . . .        f - +0 ring mail
rPois   .            c - +0 helmet
rElec   .            (no cloak)
rCorr   .            (no gloves)
SInv    .            (no boots)
Will    .....        (no amulet)
Stlth   +            (ring unavailable)
HPRegen 0.27/turn    (ring unavailable)
MPRegen 0.10/turn

%: no passive effects
@: revving, very slow
A: off-hand wielding, slow wielding, warmup strikes, no rings
a: no special abilities


You were in a sewer.
You visited 1 branch of the dungeon, and saw 3 of its levels.
You also visited: Sewer.

You collected 142 gold pieces.

Inventory:

Hand Weapons
 a - a +0 war axe (weapon) {Xiuying}
 h - a +0 club {Olga}
 j - a +0 trident (offhand) {Francisca}
Missiles
 d - 2 throwing nets
 e - 5 javelins
Armour
 b - a +0 leather armour
 c - a +0 helmet (worn)
 f - a +0 ring mail (worn)
Scrolls
 g - a scroll of fog {unknown}
 i - 3 scrolls of identify {unknown}
 l - a scroll of fear {unknown}
 m - a scroll of silence {unknown}
 n - a scroll of revelation {unknown}
 p - a scroll of enchant weapon {unknown}
 q - 4 scrolls of amnesia {unknown}
 s - 2 scrolls of teleportation
Potions
 k - a potion of berserk rage {unknown}
 o - a potion of degeneration {unknown}
 r - 4 potions of enlightenment


   Skills:
 - Level 2.0 Fighting
 + Level 6.8 Axes
 - Level 1.7 Throwing
 - Level 2.6 Dodging


You had 5 spell levels left.
You didn't know any spells.
Your spell library was empty.

Dungeon Overview and Level Annotations

Branches:
Dungeon (3/15)              Sewer (1/1)

Altars:
Fedhas
Nemelex Xobeh

Shops:
D:2 [


Innate Abilities, Weirdness & Mutations

You can wield a second weapon in your off-hand.
It takes a long time for you to wield or remove held weapons.
Your first few attacks do less damage.
Your grasper-arms cannot wear rings.


Message History

A rat comes into view.
A crocodile comes into view.
A frilled lizard comes into view.
The frilled lizard hisses angrily.
The rat squeaks loudly.
You hear an angry hiss.
You reach to attack!
You hit the river rat but do no damage.
You hit the river rat with your +0 war axe.
The river rat is heavily wounded.
Your unstable footing causes you to fumble your attack.
The river rat bites you but does no damage.
Your unstable footing causes you to fumble your attack.
You barely miss the river rat with your +0 trident.
The river rat closely misses you. The crocodile bites you!
The crocodile drags you backwards!
Splash!
A frilled lizard comes into view.
You hit the river rat but do no damage.
The river rat is heavily wounded.
You barely miss the river rat with your +0 war axe.
You hit the crocodile with your +0 war axe.
You slash the frilled lizard with your +0 war axe!
You kill the frilled lizard!
The river rat barely misses you. The crocodile bites you!
* * * LOW HITPOINT WARNING * * *
The crocodile drags you backwards!
Splash!
The crocodile bites you!
* * * LOW HITPOINT WARNING * * *
The crocodile drags you backwards!
Splash!
The crocodile barely misses you. The crocodile closely misses you.
The frilled lizard barely misses you.
Unknown command.
The river rat bites you but does no damage.
The frilled lizard completely misses you.
The crocodile bites you!
* * * LOW HITPOINT WARNING * * *
The crocodile drags you backwards!
Splash!
The frilled lizard misses you. The crocodile bites you!
You die...

≈≈≈≈≈≈≈≈≈≈≈ ≈≈≈≈≈≈≈≈≈≈≈≈
≈≈≈≈≈≈≈≈≈≈≈ ≈≈≈≈≈≈≈≈≈~##
≈≈≈≈≈≈≈≈~.' ≈≈≈≈≈≈≈~~.#
#### ≈≈≈≈≈≈≈~~.# #..#
≈≈≈≈≈≈≈lr.# #..#
≈≈≈≈≈≈~@l~###..# ##
≈≈≈≈~~~~l~r~#..###### #≈
≈≈≈~~~~~~~†~~~~~≈≈≈≈≈≈≈#
≈≈≈≈~~~~~~~~#†.#########
≈≈≈≈≈≈~~~~###..# #≈~...
≈≈≈≈≈≈≈~~~# ##.## #~~###
≈≈≈≈≈≈≈≈~## #..###..#
≈≈≈≈≈≈≈≈≈~ ##.....##
≈≈≈≈≈≈≈ #######


You could see a crocodile, a river rat, 2 frilled lizards and a rat.

Vanquished Creatures
  A crocodile (Sewer)
  A sickly merfolk siren (Sewer)
  Terence (D:2)
  7 adders
  A river rat (Sewer)
  2 ribbon worms (D:3)
  An orc (D:3)
  An endoplasm (D:3)
  7 giant cockroaches
  2 goblins
  3 hobgoblins
  2 jackals (D:1)
  4 kobolds
  3 quokkas
  9 ball pythons
  6 bats
  5 frilled lizards
  21 rats
77 creatures vanquished.

Notes
Turn   | Place    | Note
-------+----------+-------------------------------------------
     0 | D:1      | lunkers the Coglin Gladiator began the quest for the Orb.
     0 | D:1      | Reached XP level 1. HP: 16/16 MP: 1/1
   281 | D:1      | Reached XP level 2. HP: 20/22 MP: 2/2
   519 | D:1      | Reached skill level 4 in Axes
   763 | D:2      | Reached XP level 3. HP: 24/27 MP: 3/3
   873 | D:2      | Found Hory's Armour Shoppe.
   951 | D:2      | Found a sparkling altar of Nemelex Xobeh.
  1188 | D:2      | Noticed Terence
  1195 | D:2      | Killed Terence
  1370 | D:3      | Found a blossoming altar of Fedhas.
  1387 | D:3      | Reached XP level 4. HP: 29/33 MP: 4/4
  1554 | D:3      | Found a glowing drain.
  1560 | D:3      | Reached skill level 5 in Axes
  1571 | Sewer    | Entered a sewer
  1776 | Sewer    | Reached XP level 5. HP: 15/38 MP: 5/5
  1925 | Sewer    | Noticed a crocodile
  1937 | Sewer    | Killed a crocodile
  1938 | Sewer    | Reached skill level 6 in Axes
  1938 | Sewer    | Reached XP level 6. HP: 28/44 MP: 6/6
  2043 | Sewer    | Slain by a crocodile

Illustrated notes

Levels and vault maps discovered:
D:1:      amcnicky_arrival_flooded_fountain, layout_loops_ring
D:2:      layout_loops_corners, basic_altar, serial_shops, shop, uniq_terence
D:3:      gammafunk_wand_slinger, layout_basic, general_overflow_altar,
          mainiacjoe_sewer_entry_somewhere_in_here_1
Sewer:    sewer_sea

Skill      XL: |  1  2  3  4  5 |
---------------+----------------+-----
Axes           | 4 5 6 |  6.8
Fighting       | |  2.0
Throwing       | |  1.7
Dodging        | |  2.6

Action                     |  1- 3 |  4- 6 || total
---------------------------+-------+-------++-------
  Melee: War axe           |    61 |    82 ||   143
         Club              |    31 |       ||    31
         Trident           |    25 |   102 ||   127
  Throw: Throwing net      |     1 |       ||     1
   Stab: Held in net/web   |     1 |       ||     1
 Armour: Ring mail         |    39 |    80 ||   119
         Leather armour    |     1 |       ||     1
  Dodge: Dodged            |    48 |    47 ||    95
         Repelled          |       |     1 ||     1

Table legend: (Time is in decaauts)
 A = Elapsed time spent in this place.
 B = Non-inter-level travel time spent in this place.
 C = Inter-level travel time spent in this place.
 D = Time resting spent in this place.
 E = Time spent auto-exploring this place.
 F = Levels seen in this place.
 G = Mean time per level.
                   A        B        C        D        E       F      G
               +--------+--------+--------+--------+--------+-----+--------+
         Total |   2108 |   2014 |     94 |      0 |   1565 |   4 |  527.0 |
       Dungeon |   1600 |   1506 |     94 |      0 |   1202 |   3 |  533.3 |
         Sewer |    508 |    508 |      0 |      0 |    362 |   1 |  508.0 |
               +--------+--------+--------+--------+--------+-----+--------+

Top non-repeatable levels by time:
     D:2: 803 daAuts
     D:1: 584 daAuts
   Sewer: 508 daAuts
     D:3: 212 daAuts
